 Dungeon Crawl Stone Soup version 0.31-a0-355-g57cb03d3e8 (webtiles) character file.

Game seed: 14866244321008182495

666156 holysushi the Wrestler (level 27, 436/436 HPs)
             Began as a Troll Shapeshifter on July 20, 2023.
             Was a Favourite Plaything of Xom.
             Quit the game on level 1 of the Depths on July 24, 2023.
             The game lasted 01:51:38 (61519 turns).

holysushi the Wrestler (Troll Shapeshifter)        Turns: 61519, Time: 01:51:38

Health: 436/436    AC: 17    Str: 49 (52) XL:     27
Magic:  29/29      EV: 28    Int:  8      God:    Xom [....*.]
Gold:   4337       SH:  0    Dex: 17 (19) Spells: 31/35 levels left

rFire   + +          .
                       - Unarmed
rCold   x . .        (shield currently unavailable)
rNeg    . . .        J - melded +2 robe {rC+ rF+}
rPois   +            n - melded +2 hat of the Bear Spirit {Spirit, Bear, *Rage Will++}
rElec   +            S - melded +1 cloak of Starlight {*Dazzle EV+4 Stlth--}
rCorr   .            (gloves unavailable)
SInv    .            (boots unavailable)
Will    ++...        V - amulet "Itiergh" {Regen+ Str+7}
Stlth   ++++         h - ring of Lady Luck {EV+5 Stlth+}
HPRegen 3.32/turn    r - ring of Generosity {*Corrode rElec EV+5 Str+5}
MPRegen 0.21/turn

%: random rage (3%), corrode self (3%)
@: dragon-form, flying, studying 6 skills
A: dragon claw, dragon scales, breathe fire, flying, boosted hp, giant,
unfitting armour, (claws 3), regeneration 2, (shaggy fur 1), (tough skin 1),
berserk 1, clever 1, deterioration 1, subdued magic 1
}: 5/15 runes: serpentine, barnacled, slimy, silver, abyssal
a: Breathe Fire, Begin Untransformation, Renounce Religion


You were on level 1 of the Depths.
You worshipped Xom.
You were a beloved toy of Xom.
You were a fearsome dragon!
You visited 13 branches of the dungeon, and saw 54 of its levels.
You visited the Abyss 3 times.
You also visited: Gauntlet, Ice Cave and Volcano.

You collected 29820 gold pieces.
You spent 9333 gold pieces at shops.
You paid 16150 gold pieces to Gozag.

Inventory:

Missiles
 F - 5 throwing nets
Armour
 n - the +2 hat of the Bear Spirit (melded) {Spirit, Bear, *Rage Will++}
   (You found it on level 14 of the Dungeon)

   Bear:      Going berserk makes the wearer exceptionally tough, and they are
   slowed for a shorter time afterward.
   *Rage:     It berserks you when you make melee attacks (+20% chance).
   Will:      It greatly increases your willpower.
 J - a +2 robe of resistance (melded)
 S - the +1 cloak of Starlight (melded) {*Dazzle EV+4 Stlth--}
   (You bought it in a shop on level 2 of the Orcish Mines)

   *Dazzle:   It may blind those who miss an attack against the wearer in melee
   combat.
   EV:        It affects your evasion (+4).
   Stlth:     It makes you much less stealthy.
Jewellery
 h - the ring of Lady Luck (left foreclaw) {EV+5 Stlth+}
   (You bought it in a shop on level 10 of the Dungeon)

   [ring of evasion]

   EV:        It affects your evasion (+5).
   Stlth:     It makes you more stealthy.
 r - the ring of Generosity (right foreclaw) {*Corrode rElec EV+5 Str+5}
   (You found it on level 5 of the Pits of Slime)

   [ring of evasion]

   EV:        It affects your evasion (+5).
   Str:       It affects your strength (+5).
   rElec:     It insulates you from electricity.
   *Corrode:  It may corrode you when you take damage.
 K - the ring of Ylewush {Will+ Int-5 Dex+2 SInv}
   (You took it off a yaktaur captain on level 5 of the Vaults)

   [ring of see invisible]

   Int:       It affects your intelligence (-5).
   Dex:       It affects your dexterity (+2).
   SInv:      It lets you see invisible.
   Will:      It increases your willpower.
 V - the amulet "Itiergh" (around neck) {Regen+ Str+7}
   (You bought it in a shop on level 11 of the Dungeon)

   [amulet of regeneration]

   Str:       It affects your strength (+7).
   Regen:     It increases your rate of health regeneration.
 Y - the amulet of Yxkei {Spirit rElec Regen+}
   (You found it on level 4 of the Vaults)

   [amulet of guardian spirit]

   It causes incoming damage to be divided between your reserves of health and
   magic.
   rElec:     It insulates you from electricity.
   Regen:     It increases your rate of health regeneration.
 Z - the amulet of Gaxoifoo {RegenMP Str+6}
   (You found it on level 5 of the Vaults)

   [amulet of magic regeneration]

   It increases your rate of magic regeneration.
   Str:       It affects your strength (+6).
Talismans
 a - a dragon-blood talisman
 b - a talisman of death
 d - a granite talisman
Wands
 l - a wand of roots (44)
 m - a wand of paralysis (36)
 p - a wand of digging (11)
 t - a wand of quicksilver (36)
Scrolls
 f - 18 scrolls of teleportation
 g - 9 scrolls of poison
 i - 10 scrolls of fog
 j - 3 scrolls of brand weapon
 s - 5 scrolls of enchant weapon
 v - 15 scrolls of vulnerability
 x - 4 scrolls of silence
 y - a scroll of butterflies
 A - 2 scrolls of blinking
 B - 12 scrolls of amnesia
 C - 4 scrolls of immolation
 L - 9 scrolls of fear
 Q - a scroll of revelation
 X - 2 scrolls of enchant armour
Potions
 c - 9 potions of lignification
 e - 8 potions of attraction
 k - 13 potions of might
 o - 9 potions of heal wounds
 q - 2 potions of berserk rage
 w - 3 potions of magic
 D - 8 potions of ambrosia
 E - 5 potions of enlightenment
 G - 3 potions of invisibility
 H - 5 potions of resistance
 M - 12 potions of mutation
 N - 7 potions of brilliance
 O - 5 potions of haste
 R - 2 potions of cancellation
 T - 22 potions of curing
Miscellaneous
 z - a piece from Xom's chessboard (15/15)
 I - the horn of Geryon
 P - a phial of floods
 U - a phantom mirror
 W - a box of beasts


   Skills:
 - Level 20.0 Fighting
 - Level 19.1 Dodging
 - Level 6.0 Stealth
 - Level 26.9 Unarmed Combat
 + Level 4.7 Spellcasting
 + Level 5.7 Translocations
 - Level 1.0 Evocations
 - Level 21.6 Shapeshifting


You had 31 spell levels left.
You knew the following spells:

 Your Spells              Type           Power      Damage    Failure   Level
a - Manifold Assault      Tloc           8%         N/A       22%         4

Your spell library contained the following spells:

 Spells                   Type           Power      Damage    Failure   Level
 Blink                    Tloc           16%        N/A       2%          2
 Lesser Beckoning         Tloc           16%        N/A       2%          2
 Gell's Gravitas          Tloc           8%         N/A       6%          3
 Teleport Other           Tloc           8%         N/A       6%          3
 Foxfire                  Conj/Fire      4%         2x1d4     22%         1
 Freeze                   Ice            4%         1d3       22%         1
 Kiss of Death            Conj/Necr      4%         2d5       22%         1
 Magic Dart               Conj           4%         1d3       22%         1
 Necrotise                Necr           4%         1d4       22%         1
 Sandblast                Erth           2%         2d4       22%         1
 Shock                    Conj/Air       4%         1d3       22%         1
 Slow                     Hex            4%         N/A       22%         1
 Portal Projectile        Hex/Tloc       8%         N/A       22%         3
 Vhi's Electric Charge    Tloc/Air       8%         N/A       22%         3
 Volatile Blastmotes      Fire/Tloc      8%         2d10      22%         3
 Call Imp                 Summ           2%         N/A       34%         2
 Cigotuvi's Dreadful Rot  Necr/Pois/Air  2%         N/A       34%         2
 Ensorcelled Hibernation  Hex/Ice        2%         N/A       34%         2
 Passwall                 Tmut/Erth      0%         N/A       34%         2
 Poisonous Vapours        Pois/Air       2%         N/A       34%         2
 Static Discharge         Conj/Air       2%         2-3/arc   34%         2
 Wereblood                Tmut           1%         N/A       34%         2
 Confusing Touch          Hex            1%         N/A       58%         3
 Dazzling Flash           Conj/Hex       2%         N/A       58%         3
 Frozen Ramparts          Ice            2%         1d1       58%         3
 Hailstorm                Conj/Ice       1%         3d3       58%         3
 Ignite Poison            Fire/Tmut/Pois 1%         N/A       58%         3
 Inner Flame              Hex/Fire       1%         N/A       58%         3
 Mephitic Cloud           Conj/Pois/Air  1%         N/A       58%         3
 Ozocubu's Armour         Ice            1%         N/A       58%         3
 Stone Arrow              Conj/Erth      2%         3d7       58%         3
 Summon Guardian Golem    Hex/Summ       1%         N/A       58%         3
 Swiftness                Air            1%         N/A       58%         3
 Tukima's Dance           Hex            1%         N/A       58%         3
 Vampiric Draining        Necr           1%         2d6       58%         3
 Iskenderun's Mystic Bla  Conj/Tloc      4%         2d3       58%         4
 Summon Forest            Summ/Tloc      2%         N/A       91%         5
 Airstrike                Air            0%         2d(1-17)  94%         4
 Anguish                  Hex/Necr       0%         N/A       94%         4
 Animate Armour           Summ/Erth      2%         N/A       94%         4
 Animate Dead             Necr           1%         N/A       94%         4
 Cause Fear               Hex            0%         N/A       94%         4
 Dispel Undead            Necr           1%         3d6       94%         4
 Flame Wave               Conj/Fire      1%         2d4       94%         4
 Fulminant Prism          Conj/Hex       0%         3d5       94%         4
 Leda's Liquefaction      Hex/Erth       0%         N/A       94%         4
 Petrify                  Tmut/Erth      1%         N/A       94%         4
 Sticky Flame             Conj/Fire      1%         2d3       94%         4
 Summon Ice Beast         Ice/Summ       1%         N/A       94%         4
 Summon Lightning Spire   Summ/Air       1%         N/A       94%         4
 Dispersal                Tloc           4%         N/A       98%         6
 Agony                    Necr           1%         N/A       100%        5
 Alistair's Intoxication  Tmut/Pois      0%         N/A       100%        5
 Borgnjor's Vile Clutch   Necr/Erth      0%         N/A       100%        5
 Freezing Cloud           Conj/Ice/Air   0%         6-21      100%        5
 Irradiate                Conj/Tmut      0%         3d11      100%        5
 Iskenderun's Battlesphe  Conj           1%         2d6       100%        5
 Lee's Rapid Deconstruct  Erth           0%         3d4*      100%        5
 Metabolic Englaciation   Hex/Ice        0%         N/A       100%        5
 Summon Mana Viper        Hex/Summ       1%         N/A       100%        5
 Conjure Ball Lightning   Conj/Air       0%         3x3d6     100%        6
 Death Channel            Necr           0%         N/A       100%        6
 Eringya's Noxious Bog    Tmut/Pois      0%         4d6       100%        6
 Leda's Unmaking          Conj/Erth      0%         9d1       100%        6
 Simulacrum               Ice/Necr       0%         N/A       100%        6
 Starburst                Conj/Fire      0%         6d3       100%        6
 Summon Cactus Giant      Summ           0%         N/A       100%        6
 Enfeeble                 Hex            0%         N/A       100%        7
 Haunt                    Necr/Summ      0%         N/A       100%        7
 Malign Gateway           Summ/Tloc      2%         N/A       100%        7
 Monstrous Menagerie      Summ           0%         N/A       100%        7
 Orb of Destruction       Conj           0%         9d5       100%        7
 Ozocubu's Refrigeration  Ice            0%         4d7       100%        7
 Spellforged Servitor     Conj/Summ      0%         N/A       100%        7
 Summon Hydra             Summ           0%         N/A       100%        7
 Borgnjor's Revivificati  Necr           0%         N/A       100%        8
 Ignition                 Fire           0%         3d3       100%        8
 Lehudib's Crystal Spear  Conj/Erth      0%         10d2      100%        8
 Maxwell's Capacitive Co  Air            0%         ∞         100%        8
 Summon Horrible Things   Summ           0%         N/A       100%        8
 Death's Door             Necr           0%         N/A       100%        9
 Fire Storm               Conj/Fire      0%         6d1       100%        9
 Polar Vortex             Ice            0%         N/A       100%        9


Dungeon Overview and Level Annotations

Branches:
Dungeon (15/15) Zot: 23077  Temple (1/1) D:4 Zot: 5979    Lair (5/5) D:11 Zot: 23836
 Shoals (4/4) Lair:2 Zot: 19986   Snake (4/4) Lair:3 Zot: 19286   Slime (5/5) Lair:5 Zot: 24448
    Orc (2/2) D:12 Zot: 10547     Elf (3/3) Orc:2 Zot: 14298  Vaults (5/5) D:14 Zot: 22280
  Crypt (3/3) Vaults:2 Zot: 14538    Tomb (2/3) Crypt:3 Zot: 9169  Depths (4/4) D:15 Zot: 19723
   Hell (visited)             Dis (0/7) Hell            Geh (0/7) Hell
    Coc (0/7) Hell            Tar (0/7) Hell            Zot (0/5) Depths:4
  IceCv (visited)         Volcano (visited)         Gauntlet (visited)

Altars:
Ashenzari
Cheibriados
Dithmenos
Elyvilon
Fedhas
Gozag
Hepliaklqana
Kikubaaqudgha
Makhleb
Nemelex Xobeh
Okawaru
Qazlal
Ru
Sif Muna
Trog
Uskayaw
Vehumet
Wu Jian
Xom
Yredelemnul
Zin
The Shining One
Jiyva

Shops:
D:2 ((::   D:3 :   D:6 [   D:9 =   D:10 =   D:11 =   D:13 [   Orc:1 [
Orc:2 :!=[[?*   Elf:3 ?   Lair:3 [   Lair:5 [   Shoals:2 *   Shoals:3 [
Snake:1 =   Snake:2 ?(   Vaults:2 =*[=[   Vaults:3 [*   Depths:1 (

Portals:
Hell: Depths:1 Depths:2 Depths:4
Abyss: Depths:2 Depths:3
Pandemonium: Depths:2
Trove: Vaults:3 (give +3 storm dragon scales)


Innate Abilities, Weirdness & Mutations

You are a fearsome dragon!
You have a powerful clawing attack.
Your giant scaled body is strong and resiliant, but less evasive.
You can breathe fire.
You are flying.
Your maximum health is greatly increased.
Your armour is entirely melded.
You are incapable of wielding weapons or throwing items.
You are too large for most types of armour.
((You have claws for hands.))
You heal very quickly.
((You are covered in fur. (AC +1)))
((You have tough skin. (AC +1)))
You sometimes lose your temper in combat.
Your mind is acute. (Int +4, Str/Dex -1)
Your body sometimes deteriorates upon taking damage.
Your spells are a little easier to cast, but a little less powerful.


Message History

You kill the hell beast!
HP restored.
Found a gateway to the ashen valley of Gehenna.
No target in view!
There is an open door here.
There is an open door here.
Key pressed, stopping explore.
No target in view!
Done exploring.
No target in view!
Done exploring.
No target in view!
Done exploring.
No target in view!
Done exploring.
No target in view!
Done exploring.
(D) Dungeon (T) Temple (L) Lair (A) Shoals (P) Snake Pit (M) Slime Pits (O) Orcish Mines (E) Elven Halls (V) Vaults (C) Crypt (W) Tomb (U) Depths (H) Hell (I) Dis (G) Gehenna (X) Cocytus (Y) Tartarus (Z) Zot
Where to? (Enter - Hell, ? - help)
There is a gateway back to the Dungeon here.
Thank you for visiting Hell.
Please come again soon.
You fly up through the gate.
Welcome back to the Depths!
There is a gateway to Hell here.
There is a staircase back to the Dungeon here.
Saving game... please wait.
Welcome back, holysushi the Troll Shapeshifter.
Xom snickers.
Press ? for a list of commands and other information.
There is a staircase back to the Dungeon here.
Casting: Manifold Assault (mildly dangerous; 22% risk of failure)
Confirm with . or Enter, or press ? or * to list all spells.
Okay, then.
Welcome back, holysushi the Troll Shapeshifter.
Xom titters.
Press ? for a list of commands and other information.
Are you sure you want to abandon this character and quit the game? (Confirm with "yes".)

# #..# #......##..# # #..#
#......##..# # #..#
#......##..# #
##..#####......##..#
####...#..........##..#
##................##..#
#...≈≈≈≈≈≈≈.......##..#
#..≈≈#####≈≈......##..#
##.≈## #∩≈....D.##..#
##.~## ##~......##..#
#..≈∩# ##≈......##..#
#..≈≈#####≈≈..........#
#...≈≈≈≈≈≈≈...........#
#.....................#####
#......#...#..##..........#
.......#####).##........>.#
....[..# #..##......#####


There were no monsters in sight!

Vanquished Creatures
  the Royal Jelly (Slime:5)
  3 dread liches
  An ancient lich (Vaults:4)
  Mara (Shoals:4)
  14 royal mummies
  Boris (twice) (Vaults:3 Vaults:4)
  Saint Roka (Vaults:3)
  Geryon (Hell)
  4 golden dragons (Vaults:5)
  Nikola (Depths:1)
  3 bone dragons
  The ghost of klm127 the Executioner, an adept MiFi of the Shining One (Vaults:4)
  A shard shrike zombie (Crypt:3)
  4 tentacled monstrosities
  Zenata (Vaults:4)
  A shard shrike skeleton (Crypt:3)
  11 liches
  A quicksilver dragon (Vaults:4)
  A walking divine tome (Depths:2)
  4 deep elf blademasters
  2 deep elf master archers (Elf:3)
  4 titans (Vaults:5)
  13 acid blobs
  3 krakens
  4 ancient champions
  9 sphinxes
  3 tentacled starspawn (Abyss:3)
  7 tengu reavers
  Agnes (D:15)
  Aizul (Snake:4)
  The ghost of Saojabem the Severer, an adept MiBe of Trog (Snake:3)
  2 storm dragons (Vaults:5)
  2 shadow dragons
  Ilsuiw (Shoals:2)
  14 nagarajas (Snake:4)
  A revenant (Crypt:2)
  Kirke (D:15)
  14 rockslimes
  A draconian knight (Depths:3)
  13 azure jellies
  7 fire giants
  2 iron dragons
  14 frost giants
  Roxanne (Shoals:2)
  12 vault wardens
  3 deep elf sorcerers (Elf:3)
  2 juggernaut zombies (Hell)
  A cacodemon (Abyss:3)
  9 stone giants
  16 ironbound preservers
  A spriggan defender (Depths:2)
  2 curse skulls
  4 ghouls
  13 quicksilver oozes
  3 reapers
  An orc warlord (Vaults:2)
  10 war gargoyles
  6 very ugly things
  A caustic shrike skeleton (Crypt:1)
  10 ironbound thunderhulks
  4 vampire knights
  7 formless jellyfish
  Nessos (Lair:5)
  Azrael (D:12)
  12 deep elf demonologists
  2 purple draconians
  4 bennus (Tomb:2)
  A red draconian (Abyss:3)
  13 dire elephants
  9 deep elf annihilators
  3 minotaurs
  27 starcursed masses (Abyss:3)
  8 ettins
  An eidolon (Crypt:2)
  13 deep elf death magi
  5 blizzard demons
  3 spark wasps
  A white draconian (Depths:4)
  Snorg (D:12)
  7 crystal guardians
  15 fire dragons
  2 entropy weavers
  A merfolk javelineer (Shoals:2)
  2 spectral krakens (Shoals:3)
  2 iron golems (Hell)
  2 green deaths (Abyss:3)
  6 merfolk impalers
  13 mummy priests
  4 deep elf high priests
  10 yaktaur captains
  5 jiangshi
  12 ice dragons
  31 vault guards
  A quicksilver dragon zombie (Hell)
  Erolcha (D:12)
  2 rakshasas
  6 salamander tyrants
  3 peacekeepers
  14 great orbs of eyes
  A fenstrider witch zombie (Tomb:2)
  8 spriggan zombies
  5 hydras
  3 ironbound frosthearts
  2 ghost crabs (Shoals:3)
  5 ogre magi
  18 centaur warriors
  A hell beast (Hell)
  3 spriggan air magi
  2 catoblepae
  A fenstrider witch skeleton (Crypt:1)
  2 spriggan skeletons (Crypt:1)
  4 boulder beetles
  11 anacondas
  12 satyrs
  A boulder beetle (shapeshifter) (D:14)
  A merfolk aquamancer (Shoals:1)
  32 death scarabs
  4 death knights
  28 dancing weapons
  16 naga warriors
  An anaconda (shapeshifter) (Depths:4)
  2 deep troll shamans
  16 thrashing horrors (Abyss:3)
  An azure jelly zombie (Crypt:2)
  13 deep troll earth magi
  11 two-headed ogres
  16 death yaks
  4 spriggan berserkers (Depths:4)
  A hell hog (Depths:4)
  A demonic crawler (Abyss:3)
  Urug (D:10)
  10 naga sharpshooters
  2 orc high priests (Abyss:3)
  3 tengu warriors
  4 vampire magi
  3 titan zombies
  12 hell knights
  8 shock serpents
  Nergalle (D:10)
  2 storm dragon zombies
  6 sun demons
  A spriggan (Depths:4)
  21 deep elf knights
  2 skysharks
  A soul eater (Depths:4)
  9 wretched stars (Abyss:3)
  Sonja (Lair:5)
  9 salamander mystics
  49 skeletal warriors
  4 iron trolls
  2 sixfirhies (Abyss:3)
  2 bunyip zombies
  3 spatial maelstroms (Abyss:3)
  A fire crab (shapeshifter) (Vaults:3)
  9 sea snakes
  A golden dragon zombie (Tomb:1)
  A shadow wraith (Vaults:2)
  2 swamp dragons (Abyss:3)
  A storm dragon skeleton (Crypt:1)
  6 glowing orange brains
  3 flayed ghosts
  15 deep elf archers
  21 lindwurms
  2 shadow demons (Abyss:3)
  6 naga ritualists
  5 phantasmal warriors
  51 deep trolls
  9 wizards
  11 ironbound convokers
  5 anaconda skeletons
  A shadow dragon zombie (Hell)
  12 mana vipers
  A bog body (Crypt:2)
  24 deep elf zephyrmancers
  6 orc knights
  21 harpies
  A harpy (shapeshifter) (Depths:2)
  12 necromancers
  3 wolf spiders
  2 steelbarb worms (shapeshifter)
  20 fauns
  17 manticores
  55 ugly things
  29 deep elf pyromancers
  5 orc sorcerers
  22 salamanders
  A shadow dragon skeleton (Crypt:1)
  A sphinx skeleton (Crypt:1)
  An iron dragon skeleton (Crypt:1)
  An elephant (shapeshifter) (Vaults:4)
  A mana viper (shapeshifter) (D:15)
  2 shining eyes (Slime:2)
  2 worldbinders (Abyss:3)
  4 oklob plants (Lair:4)
  7 cyclopes
  5 stone giant skeletons
  44 black mambas
  4 human zombies
  An elf zombie (Vaults:2)
  9 guardian serpents
  26 naga magi
  Maurice (D:8)
  5 rust devils
  A titan simulacrum (Crypt:1)
  17 elephants
  5 merfolk sirens
  4 eyes of devastation
  9 water nymphs
  3 apocalypse crabs
  5 torpor snails (Lair:5)
  8 smoke demons
  2 unseen horrors (D:10)
  4 ice statues
  A gargoyle (D:10)
  16 vault sentinels
  A minotaur zombie (Crypt:1)
  14 cane toads
  An unseen horror (shapeshifter) (D:14)
  Maggie (D:7)
  7 rime drakes
  An efreet (D:14)
  6 komodo dragons
  A dire elephant skeleton (Crypt:1)
  2 hellions
  25 yaktaurs
  2 komodo dragons (shapeshifter)
  An alligator snapping turtle skeleton (Crypt:1)
  3 tengu conjurers
  A yellow draconian zombie (Crypt:2)
  10 freezing wraiths
  A yellow draconian skeleton (Crypt:2)
  An anaconda simulacrum (IceCv)
  3 kobold demonologists
  A spectral water nymph (Shoals:3)
  7 ice devils
  2 red devils (Hell)
  7 meliai
  5 spectral merfolk (Shoals:3)
  A minotaur skeleton (Crypt:1)
  5 wind drakes
  A harpy zombie (Crypt:3)
  A sea snake skeleton (Hell)
  3 ancient zymes (Abyss:3)
  A queen bee (D:11)
  17 guardian mummies
  11 trolls
  3 tyrant leeches (Lair:5)
  23 merfolk
  A hellwing (Gauntlet)
  A polar bear (shapeshifter) (Elf:1)
  A meliai (shapeshifter) (Elf:3)
  4 polar bears
  8 hornets
  14 blink frogs
  3 harpy skeletons
  6 snapping turtles
  10 raiju (Abyss:3)
  2 spectral manticores (Shoals:3)
  3 hydra skeletons (Hell)
  A dream sheep (Lair:4)
  2 ettin zombies
  A radroach zombie (Crypt:2)
  2 centaur simulacra (D:14)
  72 slime creatures
  73 flying skulls
  3 ettin skeletons
  2 shadows
  7 air elementals
  8 ushabtiu
  70 yaks
  2 wraiths
  A black mamba skeleton (Crypt:1)
  4 ynoxinuls (Abyss:3)
  7 fire elementals
  13 water elementals
  5 wyverns
  Grum (D:8)
  2 chaos spawn (Abyss:3)
  A hog (shapeshifter) (Vaults:5)
  2 hogs (D:15)
  6 basilisks
  6 neqoxecs (Abyss:3)
  4 steam dragons
  8 vampire mosquitoes
  2 spatial vortices (Abyss:3)
  A death yak simulacrum (IceCv)
  A harpy simulacrum (Abyss:3)
  2 wargs (Orc:1)
  21 large abominations
  A glowing shapeshifter zombie (Hell)
  2 swamp worms (Gauntlet)
  45 nagas
  A fire bat skeleton (Crypt:2)
  5 hell hounds
  An acid dragon (D:10)
  A floating eye (Depths:2)
  A floating eye (shapeshifter) (Vaults:5)
  12 water moccasins
  A hydra simulacrum (Hell)
  4 naga skeletons
  3 black bears
  29 orc warriors
  An ice beast (D:5)
  A sky beast (shapeshifter) (D:14)
  A swamp dragon zombie (Crypt:1)
  A dream sheep zombie (Crypt:1)
  5 boggarts
  27 ogres
  A torpor snail zombie (Crypt:1)
  18 wolves
  8 centaurs
  8 small abominations (Abyss:3)
  3 phantoms
  An elf simulacrum (Vaults:1)
  A swamp dragon skeleton (Crypt:1)
  A kobold brigand (D:8)
  Blork the orc (D:6)
  8 bullfrogs
  5 scorpions
  3 necrophages (Crypt:3)
  11 earth elementals
  2 two-headed ogre simulacra (IceCv)
  2 cane toad simulacra
  14 wights
  3 elephant simulacra
  32 killer bees
  A howler monkey (D:6)
  3 jellies
  2 electric eels
  4 hounds
  3 iron imps (Abyss:3)
  3 centaur skeletons
  25 orc priests
  5 iguanas
  2 sleepcaps (D:6)
  Ijyb (D:5)
  Natasha (thrice) (D:3)
  A human skeleton (Crypt:1)
  21 orc wizards
  3 spriggan simulacra
  5 hell rats (Hell)
  A troll simulacrum (IceCv)
  2 wolf simulacra (IceCv)
  A killer bee zombie (Crypt:2)
  An acid dragon zombie (Crypt:1)
  2 tengu zombies
  36 mummies
  Robin (D:2)
  9 gnolls
  A naga simulacrum (IceCv)
  3 adders
  5 shadow imps
  8 white imps
  8 ufetubi
  2 worms (D:3)
  2 dart slugs
  128 orcs
  3 bats
  4 endoplasms
  A giant cockroach (shapeshifter) (Vaults:5)
  2 giant cockroaches
  19 goblins
  6 hobgoblins
  2 jackals (D:2)
  8 kobolds
  A quokka (D:4)
  6 ball pythons
  A goblin skeleton (D:4)
  2 goblin zombies (D:4)
  4 hobgoblin zombies (D:4)
  2 kobold skeletons (D:4)
  3 kobold zombies
  An orc zombie (D:4)
  A quokka skeleton (Crypt:1)
  5 rats
  A river rat skeleton (Crypt:1)
  A creeping inferno (Hell)
  2 fire vortices (Hell)
  A starspawn tentacle (Abyss:3)
  16 tentacles
2679 creatures vanquished.

Vanquished Creatures (collateral kills)
  A spriggan skeleton (Crypt:1)
  A centaur skeleton (Crypt:1)
2 creatures vanquished.

Vanquished Creatures (others)
  An eldritch tentacle (Tomb:1)
  A dancing weapon (Crypt:1)
  A sun demon (Hell)
  A wizard (Vaults:2)
  A deep elf zephyrmancer (Elf:1)
  A water elemental (Elf:3)
  2 hell rats (Hell)
  A mummy (Tomb:2)
  3 fire vortices (Hell)
  A lurking horror (Abyss:3)
  5 starspawn tentacles (Abyss:3)
  20 tentacles
38 creatures vanquished.

Grand Total: 2719 creatures vanquished

Notes
Turn   | Place    | Note
-------+----------+-------------------------------------------
     0 | D:1      | holysushi the Troll Shapeshifter began the quest for the
                  | Orb.
     0 | D:1      | Reached XP level 1. HP: 18/18 MP: 0/0
   296 | D:1      | Reached XP level 2. HP: 26/26 MP: 1/1
   527 | D:1      | Found a faded altar of an unknown god.
   774 | D:2      | Found Pimaniz's Antique Weapon Boutique.
   812 | D:2      | Reached XP level 3. HP: 32/32 MP: 2/2
   936 | D:2      | Found Vitek's Book Shoppe.
   943 | D:2      | Found Erriol's Book Shoppe.
   963 | D:2      | Reached skill level 4 in Unarmed Combat
   993 | D:2      | Found Hezay's Weapon Emporium.
  1481 | D:3      | Noticed Robin
  1498 | D:2      | Killed Robin
  1499 | D:2      | Reached XP level 4. HP: 26/40 MP: 3/3
  1520 | D:3      | Found a broken altar of Ashenzari.
  1655 | D:3      | Noticed Natasha
  1660 | D:3      | Killed Natasha
  1689 | D:3      | Reached XP level 5. HP: 46/46 MP: 4/4
  1719 | D:3      | Found Pecsuac's Book Shop.
  1847 | D:3      | Found an opulent altar of Gozag.
  1878 | D:3      | Gained mutation: Your magical capacity is low. (-10% MP)
                  | [potion of mutation]
  1878 | D:3      | Gained mutation: You are clumsy. (Dex -2) [potion of
                  | mutation]
  1890 | D:3      | Reached skill level 5 in Unarmed Combat
  1897 | D:3      | Became a worshipper of Gozag Ym Sagoz the Greedy
  2124 | D:3      | Found a hide-covered altar of Uskayaw.
  2204 | D:4      | Noticed a phantom
  2217 | D:4      | Killed a phantom
  2218 | D:4      | Reached skill level 6 in Unarmed Combat
  2218 | D:4      | Reached XP level 6. HP: 45/54 MP: 4/4
  2449 | D:4      | Reached XP level 7. HP: 61/61 MP: 5/5
  2485 | D:4      | Reached skill level 7 in Unarmed Combat
  2502 | D:4      | Found a glowing golden altar of the Shining One.
  2634 | D:4      | Found a basalt altar of Yredelemnul.
  2642 | D:4      | Found a staircase to the Ecumenical Temple.
  2794 | D:4      | Found an iron altar of Okawaru.
  3093 | D:5      | Entered Level 5 of the Dungeon
  3150 | D:5      | Reached skill level 1 in Fighting
  3345 | D:5      | Reached skill level 8 in Unarmed Combat
  3345 | D:5      | Reached XP level 8. HP: 65/72 MP: 6/6
  3433 | D:5      | Noticed Ijyb
  3443 | D:5      | Killed Ijyb
  4001 | D:6      | Reached skill level 9 in Unarmed Combat
  4179 | D:6      | Noticed Blork the orc
  4202 | D:6      | Killed Blork the orc
  4377 | D:6      | Reached skill level 10 in Unarmed Combat
  4821 | D:7      | Reached XP level 9. HP: 58/79 MP: 7/7
  4947 | D:6      | Lost mutation: Your magical capacity is low. (-10% MP)
                  | [potion of mutation]
  4947 | D:6      | Lost mutation: You are clumsy. (Dex -2) [potion of
                  | mutation]
  4947 | D:6      | Gained mutation: You heal very quickly. [potion of
                  | mutation]
  5187 | D:7      | Noticed Maggie
  5195 | D:7      | Killed Maggie
  5196 | D:7      | Reached skill level 11 in Unarmed Combat
  5547 | D:8      | Noticed Maurice
  5666 | D:8      | Reached skill level 5 in Shapeshifting
  5694 | D:8      | Reached skill level 12 in Unarmed Combat
  5806 | D:8      | Noticed Grum
  5810 | D:8      | Reached XP level 10. HP: 84/87 MP: 9/9
  5813 | D:8      | Killed Grum
  5878 | D:8      | Found an ornate altar of the Wu Jian Council.
  5947 | D:8      | Killed Maurice
  6480 | D:8      | Reached skill level 13 in Unarmed Combat
  6618 | D:9      | Found a snail-covered altar of Cheibriados.
  6625 | D:9      | Found a bloodstained altar of Trog.
  6783 | D:9      | Found Guushrod's Jewellery Boutique.
  6859 | D:9      | Noticed a manticore
  7318 | D:10     | Entered Level 10 of the Dungeon
  7376 | D:10     | Found a sacrificial altar of Ru.
  7396 | D:10     | Noticed Nergalle
  7404 | D:10     | Killed Nergalle
  7405 | D:10     | Reached skill level 14 in Unarmed Combat
  7497 | D:10     | Found a sparkling altar of Nemelex Xobeh.
  7583 | D:10     | Reached XP level 11. HP: 67/93 MP: 10/10
  7816 | D:10     | HP: 4/93 [something (8)]
  7939 | D:10     | Noticed Urug
  7946 | D:10     | Killed Urug
  8159 | D:11     | Found a staircase to the Lair.
  8402 | D:10     | Bought the ring of Lady Luck {EV+5 Stlth+} for 641 gold
                  | pieces
  8600 | D:10     | Reached skill level 1 in Stealth
  8740 | D:11     | Reached skill level 5 in Dodging
  9350 | D:12     | Found a staircase to the Orcish Mines.
  9369 | D:12     | Noticed Snorg
  9388 | D:12     | Killed Snorg
  9567 | D:12     | Noticed a boulder beetle
  9579 | D:12     | Killed a boulder beetle
  9628 | D:12     | Noticed a red ugly thing
  9636 | D:12     | Killed a red ugly thing
  9637 | D:12     | Reached XP level 12. HP: 91/105 MP: 11/11
  9648 | D:12     | Noticed Erolcha
  9655 | D:12     | Killed Erolcha
  9793 | Lair:1   | Entered Level 1 of the Lair of Beasts
 10082 | Lair:1   | Reached skill level 1 in Evocations
 10711 | Lair:2   | Found a staircase to the Shoals.
 10717 | Lair:2   | Noticed a boulder beetle
 10761 | Lair:2   | Killed a boulder beetle
 10801 | Lair:2   | Found a gate leading to a gauntlet.
 10808 | Gauntlet | Entered a Gauntlet
 10808 | Gauntlet | Found a transporter.
 10916 | Gauntlet | Found a transporter.
 10917 | Gauntlet | Found a transporter.
 10921 | Gauntlet | Noticed a death scarab
 10931 | Gauntlet | Found a transporter.
 10937 | Gauntlet | Found a transporter.
 10939 | Gauntlet | Found a runed translucent door.
 10942 | Gauntlet | Found a transporter.
 10942 | Gauntlet | Noticed a hell hog
 10955 | Gauntlet | Noticed a death yak
 10957 | Gauntlet | Found a transporter.
 10957 | Gauntlet | Noticed a death yak
 10967 | Gauntlet | Noticed a death yak
 10968 | Gauntlet | Found a transporter.
 10970 | Gauntlet | Noticed a reaper
 10980 | Gauntlet | Found a transporter.
 10995 | Gauntlet | Found a transporter.
 11010 | Gauntlet | Found a transporter.
 11012 | Gauntlet | Found a transporter.
 11053 | Gauntlet | Found a transporter.
 11068 | Gauntlet | Found a transporter.
 11187 | Gauntlet | Identified the +2 leather armour of Zourryucsu {*Corrode
                  | rF+ Str+3}
 11228 | Gauntlet | HP: 4/107 [something (24)]
 11322 | Gauntlet | Identified the ring "Qaorchut" {rC+ Dex+3}
 11441 | Gauntlet | Identified a scroll of acquirement
 11443 | Gauntlet | Acquired 798 gold pieces
 11455 | Gauntlet | Noticed a minotaur
 11462 | Gauntlet | Killed a minotaur
 11463 | Gauntlet | Reached skill level 10 in Shapeshifting
 11500 | Gauntlet | Identified the staff "Wineh" {Will+ rCorr Str+3 Conj}
 11505 | Gauntlet | Acquired the ring of Thoughtfulness {Wiz rElec rPois Dex+4}
 12037 | Lair:2   | Noticed a death yak
 12050 | Lair:2   | Reached skill level 15 in Unarmed Combat
 12085 | Lair:2   | Killed a death yak
 12086 | Lair:2   | Reached XP level 13. HP: 105/114 MP: 12/12
 12474 | Lair:3   | Bought a +2 robe of resistance for 414 gold pieces
 12474 | Lair:3   | Bought the +0 mask of the Dragon {Will+ Slay+3 SInv} for
                  | 367 gold pieces
 12474 | Lair:3   | Found the +0 mask of the Dragon {Will+ Slay+3 SInv}
 12580 | Lair:3   | Found a staircase to the Snake Pit.
 12600 | Lair:3   | Found a dark tunnel.
 12650 | Volcano  | Entered a volcano
 12924 | Volcano  | Noticed a fire dragon
 12940 | Volcano  | Killed a fire dragon
 14042 | D:10     | Bought a dragon-blood talisman for 1120 gold pieces
 14192 | Lair:4   | Reached skill level 10 in Dodging
 14250 | Lair:4   | Found a frozen archway.
 14261 | Lair:4   | Reached XP level 14. HP: 113/123 MP: 13/13
 14280 | IceCv    | Entered an ice cave
 14594 | IceCv    | Reached skill level 16 in Unarmed Combat
 14768 | IceCv    | Noticed a reaper
 14940 | IceCv    | Killed a reaper
 14991 | IceCv    | Got Ziargh's Lessons on Fuming Necromancy
 15133 | Lair:4   | Found a glowing silver altar of Zin.
 16086 | Lair:5   | Entered Level 5 of the Lair of Beasts
 16151 | Lair:5   | Noticed Nessos
 16381 | Lair:5   | Reached skill level 5 in Fighting
 16700 | Lair:5   | Reached skill level 17 in Unarmed Combat
 17273 | Lair:5   | Killed Nessos
 17318 | Lair:5   | Found a viscous altar of Jiyva.
 17318 | Lair:5   | Found a staircase to the Slime Pits.
 17373 | Lair:5   | Found a runed translucent door.
 17391 | Lair:5   | Reached XP level 15. HP: 137/137 MP: 14/14
 17399 | Lair:5   | Noticed Sonja
 17408 | Lair:5   | Killed Sonja
 17689 | Lair:5   | Bought a transparent robe for 222 gold pieces
 17689 | Lair:5   | Identified the +0 robe "Qatadufiss" {Fly rElec Will-
                  | Regen+} (You bought it in a shop on level 5 of the Lair of
                  | Beasts)
 17952 | D:12     | Noticed Azrael
 17961 | D:12     | Killed Azrael
 19414 | D:13     | Found Feig Woetz's Antique Armour Boutique.
 19417 | D:13     | Bought a wizard robe for 171 gold pieces
 19417 | D:13     | Identified the +0 robe of Parlour Games {rN+ rCorr Str-5
                  | Dex+3} (You bought it in a shop on level 13 of the Dungeon)
 19845 | D:14     | Identified the +0 robe "Yczadghups" {rElec}
 20090 | D:14     | Found a gate to the Vaults.
 20264 | D:14     | Reached skill level 15 in Shapeshifting
 20310 | D:14     | Got the Compilation of Distorted Violence
 20350 | D:14     | Found a shadowy altar of Dithmenos.
 20367 | D:14     | Found the +2 hat of the Bear Spirit {Spirit, Bear, *Rage
                  | Will++}
 20766 | D:15     | Entered Level 15 of the Dungeon
 20766 | D:15     | Noticed Agnes
 20774 | D:15     | Killed Agnes
 20991 | D:15     | Found an ornate altar of the Wu Jian Council.
 21221 | D:15     | Noticed Kirke
 21236 | D:15     | Killed Kirke
 21429 | D:15     | Reached XP level 16. HP: 150/150 MP: 15/15
 21554 | D:15     | Found a staircase to the Depths.
 22027 | Snake:1  | Entered Level 1 of the Snake Pit
 22528 | Snake:1  | Identified the +10 glaive of Death's Door {drain, rF+}
 22661 | Snake:1  | Found Zeis's Jewellery Emporium.
 23185 | Snake:2  | Found a runed translucent door.
 23370 | Snake:2  | Reached skill level 18 in Unarmed Combat
 23966 | Snake:2  | Bought a scroll of acquirement for 728 gold pieces
 23966 | Snake:2  | Bought 2 scrolls of teleportation for 84 gold pieces
 23966 | Snake:2  | Bought a scroll of teleportation for 42 gold pieces
 23966 | Snake:2  | Bought a scroll of revelation for 105 gold pieces
 23967 | Snake:2  | Acquired a manual of Dodging
 24226 | Snake:3  | Reached XP level 17. HP: 165/165 MP: 16/16
 24341 | Snake:3  | Found a runed translucent door.
 24591 | Snake:3  | Noticed Saojabem's ghost (adept MiBe)
 25030 | Snake:3  | Killed Saojabem's ghost
 25035 | Snake:3  | Reached skill level 10 in Fighting
 25086 | Snake:4  | Entered Level 4 of the Snake Pit
 25175 | Snake:4  | Noticed Aizul
 25188 | Snake:4  | Killed Aizul
 25661 | Snake:4  | Reached skill level 19 in Unarmed Combat
 26731 | Snake:4  | Reached XP level 18. HP: 179/179 MP: 17/17
 26749 | Snake:4  | Got a serpentine rune of Zot
 27042 | Orc:1    | Entered Level 1 of the Orcish Mines
 27297 | Orc:1    | Found Koachirch's Antique Armour Emporium.
 27374 | Orc:2    | Entered Level 2 of the Orcish Mines
 27516 | Orc:2    | Found Rengishu's General Store.
 27560 | Orc:2    | Reached skill level 15 in Dodging
 27574 | Orc:2    | Found Qass's Jewellery Emporium.
 27584 | Orc:2    | Found Ugewal's Distillery.
 27590 | Orc:2    | Found Yfausyej's Magic Scroll Emporium.
 27657 | Orc:2    | Bought a potion of heal wounds for 65 gold pieces
 27657 | Orc:2    | Bought a potion of heal wounds for 65 gold pieces
 27677 | Orc:2    | Bought a scroll of acquirement for 884 gold pieces
 27677 | Orc:2    | Bought a scroll of teleportation for 51 gold pieces
 27677 | Orc:2    | Bought a scroll of teleportation for 51 gold pieces
 27677 | Orc:2    | Bought a scroll of teleportation for 51 gold pieces
 27677 | Orc:2    | Bought a scroll of teleportation for 51 gold pieces
 27678 | Orc:2    | Acquired 1203 gold pieces
 27684 | Orc:2    | Bought the +1 cloak of Starlight {*Dazzle EV+4 Stlth--} for
                  | 518 gold pieces
 27684 | Orc:2    | Found the +1 cloak of Starlight {*Dazzle EV+4 Stlth--}
 28034 | Orc:2    | Found a staircase to the Elven Halls.
 28449 | Elf:1    | Entered Level 1 of the Elven Halls
 28469 | Elf:1    | Reached skill level 20 in Unarmed Combat
 28790 | Elf:1    | Got Kikubaaqudgha's Elucidation of Despicable Rituals
 29470 | Elf:2    | Noticed an Ice Fiend
 29750 | Elf:2    | Found a huge runed translucent gate.
 29750 | Elf:2    | Found a huge runed translucent gate.
 29750 | Elf:2    | Found a huge runed translucent gate.
 29750 | Elf:2    | Found a huge runed translucent gate.
 29751 | Elf:2    | Found a huge runed translucent gate.
 30117 | Elf:2    | Reached skill level 21 in Unarmed Combat
 30269 | Elf:2    | Reached XP level 19. HP: 189/189 MP: 18/18
 30543 | Elf:3    | Entered Level 3 of the Elven Halls
 30631 | Elf:3    | Paralysed by an air elemental for 1 turns
 30632 | Elf:3    | Found Xoynwy's Magic Scroll Boutique.
 30662 | Elf:3    | Bought a scroll of blinking for 105 gold pieces
 30662 | Elf:3    | Bought a scroll of blinking for 105 gold pieces
 31045 | Elf:3    | Paralysed by an air elemental for 1 turns
 31221 | Elf:3    | Paralysed by an air elemental for 1 turns
 31460 | Elf:3    | Noticed a Brimstone Fiend
 31470 | Abyss:3  | Cast into level 3 of the Abyss (a deep elf demonologist)
 31687 | Abyss:3  | Reached skill level 22 in Unarmed Combat
 31765 | Elf:3    | Escaped the Abyss
 32162 | Abyss:3  | Cast into level 3 of the Abyss (a deep elf sorcerer)
 32188 | Abyss:3  | Found a shimmering blue altar of Sif Muna.
 32348 | Abyss:3  | Noticed a bone dragon
 32363 | Abyss:3  | Killed a bone dragon
 32384 | Elf:3    | Escaped the Abyss
 32432 | Elf:3    | Identified the ring "Tetrec" {rF+ Str+2 Int+6}
 32454 | Elf:3    | Reached skill level 23 in Unarmed Combat
 32467 | Elf:3    | Identified the amulet "Vatygh" {Acrobat Harm *Corrode Str+7
                  | Int-5 SInv}
 32511 | Elf:3    | Reached XP level 20. HP: 198/198 MP: 19/19
 32513 | Elf:3    | Identified the staff of Success {rElec rC+ rN+ Stlth- Air}
 32576 | Elf:3    | Identified the +1 robe of Ferocious Creativity {Rampage
                  | Int+3}
 32603 | Elf:3    | Identified the scarf of the Furrier {shadows, rN+ Slay+2}
 32608 | Elf:3    | Identified the +11 quarterstaff of a treasure trove {pain,
                  | Stlth+}
 32614 | Elf:3    | Got the Incunable of the Shapeshifter
 32630 | Elf:3    | Got the Vellum of the Cursed Chill
 32635 | Elf:3    | Identified the +0 arbalest of Equivalence {elec, Str+4
                  | SInv}
 32963 | Shoals:1 | Entered Level 1 of the Shoals
 33375 | Shoals:1 | Reached skill level 24 in Unarmed Combat
 33602 | Shoals:1 | Reached XP level 21. HP: 206/206 MP: 20/20
 33650 | Shoals:1 | Got the Commentary on Cooperative Frost
 33817 | Shoals:2 | Found Ewuik's Overcharged Wands.
 33840 | Shoals:2 | Noticed Ilsuiw
 33875 | Shoals:2 | Killed Ilsuiw
 33980 | Shoals:2 | Noticed Roxanne
 34195 | Shoals:2 | Killed Roxanne
 34794 | Shoals:3 | Reached skill level 5 in Stealth
 35306 | Shoals:3 | Found Asut's Armour Shoppe.
 35447 | Shoals:4 | Entered Level 4 of the Shoals
 35672 | Shoals:4 | Noticed Mara
 35691 | Shoals:4 | Killed Mara
 35805 | Shoals:4 | Identified the +1 robe of Context {Int+4 Dex+4}
 35826 | Shoals:4 | Paralysed by a sphinx for 5 turns
 35852 | Shoals:4 | Got a barnacled rune of Zot
 36180 | D:11     | Bought the amulet "Itiergh" {Regen+ Str+7} for 930 gold
                  | pieces
 36379 | D:2      | Bought an Inescapable Atlas for 224 gold pieces
 36387 | D:2      | Learned a level 4 spell: Manifold Assault
 36405 | D:3      | Noticed Natasha
 36410 | D:3      | Killed Natasha
 36418 | D:3      | Found an opulent altar of Gozag.
 36493 | D:3      | Found a broken altar of Ashenzari.
 36640 | D:3      | Found Pecsuac's Book Shop.
 36696 | D:3      | Noticed Natasha
 36700 | D:3      | Killed Natasha
 36741 | D:3      | Found a hide-covered altar of Uskayaw.
 37136 | Slime:1  | Entered Level 1 of the Pits of Slime
 37204 | Slime:2  | Reached skill level 25 in Unarmed Combat
 37377 | Slime:5  | Entered Level 5 of the Pits of Slime
 37845 | Slime:5  | Reached XP level 22. HP: 214/214 MP: 21/21
 38253 | Slime:5  | Noticed the Royal Jelly
 38755 | Slime:5  | Found a viscous altar of Jiyva.
 38773 | Slime:5  | Reached skill level 26 in Unarmed Combat
 39314 | Slime:5  | Killed the Royal Jelly
 39334 | Slime:5  | HP: 23/481 [quicksilver ooze[the Royal Jelly] (12)]
 39544 | Slime:5  | Identified the ring of Generosity {*Corrode rElec EV+5
                  | Str+5}
 39559 | Slime:5  | Identified the staff of the Dark Horse {rPois Str+3 Earth}
 39562 | Slime:5  | Identified the +4 helmet of Precision Catastrophes {Harm
                  | rElec Str+2 Stlth-}
 39629 | Slime:5  | Identified the +4 flail "Qecyemoq" {venom, rN+ Int+2}
 39632 | Slime:5  | Got the Tome of Volcanic Feathers
 39634 | Slime:5  | Identified the amulet of Xom's Brutal Revenge {RegenMP
                  | rElec}
 39696 | Slime:5  | Got a slimy rune of Zot
 39738 | Slime:5  | Identified the +3 flail of Truncation {flame, Will+ Int+3
                  | Dex+2}
 39842 | Slime:5  | Got Ipsunt's Directory of Grim Electricity
 40209 | Vaults:1 | Entered Level 1 of the Vaults
 41663 | Vaults:2 | Found a staircase to the Crypt.
 42036 | Vaults:2 | Found Qelaor's Antique Armour Shoppe.
 42048 | Vaults:2 | Found Haerch's Jewellery Shoppe.
 42240 | Vaults:2 | Got the Spellbook of the Tropics
 42338 | Vaults:2 | Found Adin's Antique Armour Shoppe.
 42488 | Vaults:2 | Found Ginyst's Assorted Antiques.
 43236 | Vaults:3 | Reached XP level 23. HP: 230/230 MP: 22/22
 43409 | Vaults:3 | Noticed Boris
 43416 | Vaults:3 | Killed Boris
 43487 | Vaults:3 | Found Uzxak's General Store.
 43699 | Vaults:3 | Got Ileuw's Volume of the Reformed Birds
 43806 | Vaults:3 | Noticed Saint Roka
 43820 | Vaults:3 | Killed Saint Roka
 43901 | Vaults:3 | Found Lorazen's Armour Shop.
 44157 | Vaults:3 | Found a portal to a secret trove of treasure.
 44311 | Vaults:4 | Identified the amulet of Yxkei {Spirit rElec Regen+}
 44347 | Vaults:4 | Identified the staff of the Past {rElec rPois rF+ Str+6
                  | Stlth- Fire}
 44348 | Vaults:4 | Identified the +1 spear of Uqoiw {freeze, Str+6 Int+3 Dex+2
                  | Stlth+}
 44355 | Vaults:4 | Identified the staff "Lussouggec" {rC+ Str-3 Int+3 Dex+4
                  | Ice}
 44696 | Vaults:4 | Noticed Boris
 44709 | Vaults:4 | Killed Boris
 44915 | Vaults:4 | Noticed Zenata
 44920 | Vaults:4 | Reached skill level 15 in Fighting
 44929 | Vaults:4 | Killed Zenata
 45101 | Vaults:4 | Found a runed translucent gate.
 45101 | Vaults:4 | Found a runed translucent gate.
 45101 | Vaults:4 | Found a runed translucent gate.
 45101 | Vaults:4 | Found an ancient bone altar of Kikubaaqudgha.
 45101 | Vaults:4 | Noticed a dread lich
 45101 | Vaults:4 | Noticed an ancient lich
 45101 | Vaults:4 | Noticed klm127's ghost (adept MiFi)
 45713 | Vaults:4 | Paralysed by a dread lich for 3 turns
 45723 | Vaults:4 | Killed a dread lich
 45755 | Vaults:4 | Killed klm127's ghost
 45763 | Vaults:4 | Killed an ancient lich
 45810 | Vaults:4 | Identified the ring of Xom's Wantonness {rN+ Dex+5}
 45814 | Vaults:4 | Identified the -1 cloak "Onanigh" {*Corrode Int+2 Slay+3}
 45824 | Vaults:4 | Got Kikubaaqudgha's Compendium of Skeletons
 45855 | Vaults:5 | Entered Level 5 of the Vaults
 46116 | Vaults:2 | Bought a talisman of death for 1819 gold pieces
 46122 | Vaults:2 | Acquired a manual of Stealth
 46279 | Orc:2    | Bought a box of beasts for 520 gold pieces
 46738 | Vaults:5 | Paralysed by an orc sorcerer for 2 turns
 46788 | Vaults:5 | Reached XP level 24. HP: 245/245 MP: 22/22
 47433 | Vaults:5 | Identified the staff "Yseptofole" {Fly rPois rF+ rC+ rN+
                  | Poison}
 47468 | Vaults:5 | Noticed a dread lich
 47479 | Vaults:5 | Killed a dread lich
 47494 | Vaults:5 | Identified the ring of Ylewush {Will+ Int-5 Dex+2 SInv}
 48036 | Vaults:5 | Got a silver rune of Zot
 48044 | Vaults:5 | Identified the amulet of Gaxoifoo {RegenMP Str+6}
 48369 | Vaults:5 | Identified the ring of the Jackalope {Str+2 Dex+6}
 48966 | Temple   | Entered the Ecumenical Temple
 48977 | Temple   | Fell from the grace of Gozag
 48977 | Temple   | Became a worshipper of Xom of Chaos
 49330 | Depths:1 | Entered Level 1 of the Depths
 49346 | Depths:1 | Found a white marble altar of Elyvilon.
 49354 | Depths:1 | XOM: cast spell 'Summon Small Mammal'
 49371 | Depths:1 | XOM: potion effect (invisibility)
 49483 | Depths:1 | Found Yllaqe's Antique Weapon Shoppe.
 49485 | Depths:1 | XOM: cloud trail
 49583 | Depths:1 | Identified the +1 great mace "Wozoh" {vamp, rC- Str+3 Dex+4
                  | Stlth+}
 49643 | Depths:1 | XOM: noise
 49713 | Depths:1 | XOM: silly message
 49788 | Depths:1 | Noticed Nikola
 49792 | Depths:1 | XOM: silly message
 49796 | Depths:1 | Killed Nikola
 49813 | Depths:1 | Found a gateway to Hell.
 49948 | Depths:1 | XOM: cast spell 'Summon Ice Beast'
 50110 | Depths:2 | XOM: summons friendly crimson imp
 50113 | Depths:2 | XOM: smoke on damage
 50116 | Depths:2 | XOM: 2-stop teleportation journey
 50236 | Depths:2 | XOM: swap monsters
 50273 | Depths:2 | XOM: 1-stop teleportation journey
 50283 | Depths:2 | Paralysed by a floating eye for 4 turns
 50287 | Depths:2 | XOM: noise
 50311 | Depths:2 | XOM: 1-stop teleportation journey
 50315 | Depths:2 | XOM: enchant monster (bad)
 50316 | Depths:2 | XOM: enchant monster (bad)
 50488 | Depths:2 | Found a one-way gate leading to the halls of Pandemonium.
 50515 | Depths:2 | XOM: silly message
 50547 | Depths:2 | XOM: 1-stop teleportation journey
 50562 | Depths:2 | Reached XP level 25. HP: 214/253 MP: 21/22
 50648 | Depths:2 | XOM: noise
 50665 | Depths:2 | You fall into a shaft and drop 1 floor!
 50732 | Depths:3 | Identified the ring "Reoc" {Fly rF++ rN+ MP+9 Slay-4}
 50737 | Depths:3 | Found a one-way gate to the infinite horrors of the Abyss.
 50752 | Depths:3 | XOM: potion effect (attraction)
 50934 | Depths:3 | Voluntarily entered the Abyss.
 51051 | Abyss:3  | XOM: smoke on damage
 51074 | Abyss:3  | Found a corrupted altar of Lugonu.
 51078 | Abyss:3  | XOM: noise
 51176 | Abyss:3  | Found a blossoming altar of Fedhas.
 51306 | Abyss:3  | XOM: noise
 51325 | Abyss:3  | XOM: confuse monster(s)
 51329 | Abyss:3  | XOM: potion effect (brilliance)
 51339 | Abyss:3  | XOM: divination: detect creatures
 51342 | Abyss:3  | XOM: destruction
 51408 | Abyss:3  | Paralysed by you for 5 turns
 51416 | Abyss:3  | XOM: scenery: create altars
 51424 | Abyss:3  | XOM: cleaving
 51492 | Abyss:3  | Found a corrupted altar of Lugonu.
 51513 | Abyss:3  | XOM: destruction
 51538 | Abyss:3  | Found a corrupted altar of Lugonu.
 51561 | Abyss:3  | XOM: polymorph smoke demon -> ynoxinul
 51570 | Abyss:3  | XOM: cleaving
 51590 | Abyss:3  | XOM: potion effect (might)
 51597 | Abyss:3  | XOM: cloud trail
 51604 | Abyss:3  | Got an abyssal rune of Zot
 51611 | Abyss:3  | XOM: cleaving
 51614 | Abyss:3  | XOM: cast spell 'Summon Mana Viper'
 51716 | Depths:3 | Escaped the Abyss
 51728 | Depths:3 | XOM: god gift: 36 gold pieces
 52893 | Depths:4 | Entered Level 4 of the Depths
 52894 | Depths:4 | XOM: summons 4 friendly demons
 52898 | Depths:4 | XOM: confuse monster(s)
 52913 | Depths:4 | XOM: potion effect (brilliance)
 52916 | Depths:4 | XOM: divination: detect creatures
 52976 | Depths:4 | XOM: confuse monster(s)
 52980 | Depths:4 | XOM: noise
 52983 | Depths:4 | XOM: destruction
 52988 | Depths:4 | XOM: polymorph yellow draconian -> wolf spider
 53560 | Depths:4 | XOM: 6-stop teleportation journey
 53567 | Depths:4 | XOM: cloud trail
 53582 | Depths:4 | XOM: scenery: 1 doors open, 1 doors close
 53881 | Depths:4 | XOM: give mutations
 53881 | Depths:4 | Gained mutation: Your body sometimes deteriorates upon
                  | taking damage. [Xom's mischief]
 53881 | Depths:4 | Gained mutation: Your mind is acute. (Int +4, Str/Dex -1)
                  | [Xom's mischief]
 53881 | Depths:4 | Gained mutation: You sometimes lose your temper in combat.
                  | [Xom's mischief]
 53881 | Depths:4 | Gained mutation: Your spells are a little easier to cast,
                  | but a little less powerful. [Xom's mischief]
 54070 | Depths:4 | Found a gate to the Realm of Zot.
 54523 | Crypt:1  | Entered Level 1 of the Crypt
 54595 | Crypt:1  | XOM: silly message
 54955 | Crypt:1  | XOM: cloud trail
 55096 | Crypt:1  | XOM: god gift: 34 gold pieces
 55151 | Crypt:1  | XOM: silly message
 55304 | Crypt:1  | Identified the +11 quarterstaff "Ekkegheu" {vamp, Will+
                  | Int+3}
 55323 | Crypt:1  | XOM: divination: detect items
 55372 | Crypt:1  | Identified the +1 scale mail of Ethics {Dex+7}
 55409 | Crypt:1  | XOM: summons friendly quasit
 55647 | Crypt:2  | XOM: confusion (+ monsters)
 56006 | Crypt:2  | Reached XP level 26. HP: 274/274 MP: 22/22
 56201 | Crypt:2  | XOM: stat loss: -1 Int (7/8)
 56331 | Crypt:3  | Entered Level 3 of the Crypt
 56348 | Crypt:3  | XOM: 1-stop teleportation journey
 56376 | Crypt:3  | Noticed a dread lich
 56381 | Crypt:3  | Killed a dread lich
 56455 | Crypt:3  | Found a basalt altar of Yredelemnul.
 56641 | Crypt:3  | XOM: 1-stop teleportation journey
 56801 | Crypt:3  | XOM: chaos upgrade
 56838 | Crypt:3  | Found a staircase to the Tomb.
 57092 | Crypt:3  | Identified the ring "Qomnoej" {rN+ Will- Str+3 Slay+6}
 57092 | Crypt:3  | Identified the ring "Comeuff" {rF++ rN+}
 57092 | Crypt:3  | Identified the ring "Cocvucs" {rC- rN+ Str+3 Int+4 Dex+3}
 57509 | Crypt:3  | XOM: cast spell 'Summon Small Mammal'
 57951 | Crypt:3  | XOM is BORED!
 57951 | Crypt:3  | XOM: summons 3 hostile demons
 58092 | Tomb:1   | Entered Level 1 of the Tomb of the Ancients
 58140 | Tomb:1   | XOM: scenery: create altars
 58313 | Tomb:1   | Reached skill level 1 in Translocations
 58323 | Tomb:1   | Reached skill level 1 in Spellcasting
 58355 | Tomb:1   | Identified the +8 short sword "Lototaxy" {elec, rElec Int-5
                  | Dex+3}
 58402 | Tomb:1   | XOM: scenery: summon butterflies
 58482 | Tomb:1   | Was forgiven by Gozag
 58524 | Tomb:1   | Noticed a royal mummy
 58798 | Tomb:1   | XOM: cloud trail
 58843 | Tomb:1   | Noticed a royal mummy
 58847 | Tomb:1   | Killed a royal mummy
 58858 | Tomb:1   | XOM: scenery: create altars
 58860 | Tomb:1   | Killed a royal mummy
 58916 | Tomb:1   | Identified the +6 quarterstaff of the Turnip {holy, rF- rC+
                  | Str+3}
 59005 | Tomb:1   | XOM: cloud trail
 59039 | Tomb:1   | Noticed a royal mummy
 59040 | Tomb:1   | XOM: cleaving
 59046 | Tomb:1   | Killed a royal mummy
 59320 | Tomb:2   | Noticed a royal mummy
 59320 | Tomb:2   | Noticed a royal mummy
 59320 | Tomb:2   | Noticed a royal mummy
 59320 | Tomb:2   | Noticed a royal mummy
 59322 | Tomb:2   | XOM: destruction
 59323 | Tomb:2   | XOM: cast spell 'Leda's Liquefaction'
 59329 | Tomb:2   | Killed a royal mummy
 59336 | Tomb:2   | XOM: potion effect (haste)
 59369 | Tomb:2   | XOM: divination: detect creatures
 59373 | Tomb:2   | XOM: smoke on damage
 59377 | Tomb:2   | Killed a royal mummy
 59392 | Tomb:2   | Killed a royal mummy
 59396 | Tomb:2   | Killed a royal mummy
 59402 | Tomb:2   | XOM: cleaving
 59538 | Tomb:2   | XOM: smoke on damage
 59615 | Tomb:2   | XOM: 8-stop teleportation journey
 59671 | Tomb:2   | XOM: 8-stop teleportation journey
 59812 | Tomb:1   | Noticed a royal mummy
 59812 | Tomb:1   | Noticed a royal mummy
 59812 | Tomb:1   | XOM: fog
 59816 | Tomb:1   | Killed a royal mummy
 59824 | Tomb:1   | Killed a royal mummy
 59824 | Tomb:1   | Noticed a royal mummy
 59826 | Tomb:1   | Noticed a royal mummy
 59827 | Tomb:1   | Noticed a royal mummy
 59827 | Tomb:1   | Noticed a royal mummy
 59827 | Tomb:1   | Noticed a royal mummy
 59836 | Tomb:1   | Noticed a royal mummy
 59836 | Tomb:1   | Noticed a royal mummy
 59837 | Tomb:1   | Noticed a royal mummy
 59984 | Tomb:1   | Noticed a royal mummy
 59996 | Tomb:1   | Noticed a royal mummy
 59996 | Tomb:1   | Noticed a royal mummy
 59996 | Tomb:1   | Noticed a royal mummy
 60002 | Tomb:1   | Noticed a royal mummy
 60006 | Tomb:1   | Killed a royal mummy
 60013 | Tomb:1   | Noticed a royal mummy
 60014 | Tomb:1   | Noticed a royal mummy
 60015 | Tomb:1   | Noticed a royal mummy
 60015 | Tomb:1   | Noticed a royal mummy
 60017 | Tomb:1   | Noticed a royal mummy
 60021 | Tomb:1   | XOM: enchant monster (good)
 60023 | Tomb:1   | XOM: summons 3 friendly demons
 60024 | Tomb:1   | Killed a royal mummy
 60029 | Tomb:1   | Killed a royal mummy
 60031 | Tomb:1   | XOM: enchant monster (good)
 60033 | Tomb:1   | Noticed a royal mummy
 60034 | Tomb:1   | Killed a royal mummy
 60036 | Tomb:1   | XOM: summons friendly shadow imp
 60040 | Tomb:1   | Killed a royal mummy
 60043 | Tomb:1   | XOM: enchant monster (bad)
 60051 | Tomb:1   | XOM: god gift: potion of mutation
 60101 | Tomb:1   | XOM: 1-stop teleportation journey
 60449 | Crypt:2  | XOM: silly message
 60684 | Hell     | Entered the Vestibule of Hell
 60684 | Hell     | Noticed Geryon
 60699 | Hell     | Killed Geryon
 60700 | Hell     | Reached XP level 27. HP: 216/291 MP: 20/28
 60700 | Hell     | XOM: summons 5 friendly demons
 60707 | Hell     | XOM: smoke on damage
 60805 | Hell     | Reached skill level 5 in Translocations
 60807 | Hell     | XOM: summons friendly white imp
 60812 | Hell     | XOM: 1-stop teleportation journey
 60813 | Hell     | XOM: polymorph demonic crawler -> apocalypse crab
 60861 | Hell     | XOM: polymorph rust devil -> red devil
 60878 | Hell     | XOM: scenery: summon butterflies
 60887 | Hell     | XOM: summons 6 friendly demons
 60895 | Hell     | XOM: summons 2 friendly demons
 60899 | Hell     | XOM: silly message
 61140 | Hell     | Found a gateway to the Iron City of Dis.
 61188 | Hell     | XOM: god gift: staff of death
 61219 | Hell     | Found a gateway to the freezing wastes of Cocytus.
 61337 | Hell     | Found a gateway to the decaying netherworld of Tartarus.
 61440 | Hell     | Found a gateway to the ashen valley of Gehenna.
 61517 | Depths:1 | Upgraded the game from 0.31-a0-339-gda1cbd555d to
                  | 0.31-a0-354-g827e0957a7
 61519 | Depths:1 | Upgraded the game from 0.31-a0-354-g827e0957a7 to
                  | 0.31-a0-355-g57cb03d3e8
 61519 | Depths:1 | Quit the game

Illustrated notes

Levels and vault maps discovered:
D:1:      wander_arrival_desolate, layout_loops_ring,
          chequers_ecumenical_altar_grove
D:2:      layout_basic, serial_shops, nicolae_shop_getting_attention, shop,
          nicolae_shop_trees, shop
D:3:      layout_rooms, mainiacjoe_overflow_alcove_1,
          nicolae_uskayaw_murder_on_the_dancefloor,
          nicolae_gozag_cash_rules_everything_around_me, serial_shops,
          nicolae_shop_trees, uniq_robin, uniq_natasha
D:4:      layout_basic, nicolae_tso_besieged_by_evil,
          mainiacjoe_overflow_cross_hatched, okawaru_metal_pillars_1_2,
          minmay_temple_entry_overgrown, minmay_stone_trees_medium,
          minmay_misc_feat_room, minmay_between
D:5:      layout_basic, uniq_ijyb
D:6:      layout_gridville, feat_on_display, uniq_blork_the_orc
D:7:      layout_loops_ring, uniq_maggie
D:8:      layout_loops_ring, mainiacjoe_overflow_paths, special_room
          [special_room_orc], minmay_alternating_orb, uniq_maurice, uniq_grum
D:9:      layout_basic, lemuel_crystal_altar, mainiacjoe_overflow_alcove_2,
          serial_shops, nicolae_stop_n_shop_2
D:10:     layout_gridville, nemelex_xobeh_ov_fountains_minmay,
          nicolae_ru_path_of_blood, uniq_nergalle, uniq_urug
D:11:     layout_roguey, david_lair_generic, special_room [special_room_bee]
D:12:     layout_basic, david_orc_2, uniq_azrael, uniq_erolcha, uniq_snorg
D:13:     layout_loops_corners, special_room [special_room_orc], serial_shops,
          kennysheep_mini
D:14:     layout_long_grid, skrybe_vaults_entry_preservation,
          grunt_dithmenos_smoke_and_mirrors, kennysheep_island_fort
D:15:     gammafunk_enter_depths_forms, layout_loops_corners,
          nzn_wu_jian_contemplation, uniq_kirke, uniq_agnes
Temple:   nicolae_temple_bog_church
Lair:1:   layout_regular_city, chequers_serial_rivers_micro_c,
          serial_bayou_shore_a
Lair:2:   dreamdust_isle_of_ice, layout_cave_pods, minmay_shoals_entry_centaurs,
          gauntlet_entry_generic, nicolae_quartered_pool_little, minivault_11
Lair:3:   layout_chaotic_city, dummy_snake_entry, nicolae_volcano_entry_hallway,
          st_stairs_3, fungi_pond_lemuel
Lair:4:   minmay_lair_oklob_chamber, layout_regular_city, portal_ice_cave_rime,
          lemuel_altar_in_water2, grunt_megastairs_1
Lair:5:   wormcave, layout_long_grid, hangedman_lair_in_review,
          dpeg_slime_entry_enclosed, uniq_nessos, uniq_sonja
Shoals:1: layout_shoals
Shoals:2: layout_shoals, nicolae_shop_overcharged_wands, uniq_ilsuiw,
          uniq_roxanne
Shoals:3: layout_shoals, serial_shops, nicolae_shop_behind_doors,
          nicolae_shoals_spectral_cove
Shoals:4: shoals_end_hellmonk_lost_city, uniq_mara
Snake:1:  cheibrodos_snake_ritualist_ritual, layout_onion_interference,
          serial_shops, nicolae_shop_tiny_glass
Snake:2:  layout_basic, lightli_airlock
Snake:3:  layout_onion, ebering_ghost_inner_flame, serial_bayou_pond_b,
          grunt_megastairs_5
Snake:4:  grunt_snake_rune_spirals, layout_concentric_octagons,
          hangedman_snake_corridor_cut, uniq_aizul
Slime:1:  layout_caves
Slime:2:  layout_caves
Slime:3:  layout_caves
Slime:4:  layout_caves
Slime:5:  slime_pit_nicolae_inversion
Orc:1:    layout_caves, serial_shops, nicolae_shop_real_fake_doors,
          nicolae_orc_rockfall
Orc:2:    st_orc_open, layout_caves, minmay_orc_keep
Elf:1:    eino_elf_arrival_shootout, layout_gridlike, minmay_elf_necromancy,
          amcnicky_mini_rare_corridor_liquid
Elf:2:    elven_hall_of_blades_hangedman_alternative [nicolae_blade_tridents],
          layout_gridlike, minmay_fountain_box
Elf:3:    elf_hall_gauntlet_wide, layout_gridlike, serial_shops, shop,
          nicolae_elf_loose_elemental_storage
Vaults:1: serial_ice_b, v_misc_26, nicolae_vaults_storage_room_water,
          vaults_dpeg_ring, ontoclasm_vaults_tryst, hangedman_vaults_locks,
          nicolae_vaults_closet_pinwheel_3, nicolae_vaults_tetromino_L_2,
          vaults_room_stairs_pillars, vaults_room_pools, vaults_mumra_hex,
          nicolae_vaults_asterisk, nicolae_vaults_whirlpool_walls, v_misc_18,
          ontoclasm_vaults_chip, layout_vaults_omnibox
Vaults:2: blue_anna_dwarven_crypt, nicolae_vaults_little_squares_1,
          nicolae_vaults_asterisk, ontoclasm_vaults_spin,
          nicolae_vaults_alarming, ontoclasm_vaults_bender,
          ontoclasm_vaults_decontamination, nicolae_vaults_library_corner,
          vaults_dpeg_diagonal, layout_vaults_chaotic_city, serial_shops,
          nicolae_shop_dealshenge, nicolae_shop_waterfront,
          nicolae_shop_rolling_square, shop
Vaults:3: nicolae_vaults_yaktaur_gun_rack, nicolae_vaults_tangram_2, v_misc_5,
          vaults_room_corners, nicolae_vaults_more_shelving_2,
          hangedman_vaults_cutoff, vaults_room_boxed, st_hourglassy,
          vaults_room_mumra_shop_pool, nicolae_vaults_octothorpe,
          nicolae_vaults_tetromino_L_2, layout_vaults_omnicross, serial_shops,
          shop, nicolae_trove_entry_columns, uniq_saint_roka, uniq_boris,
          uniq_margery
Vaults:4: gammafunk_ghost_crypt, nicolae_vaults_little_squares_1,
          nicolae_vaults_mini_display_case, nicolae_vaults_specimen_jars,
          vaults_room_grunt_arrival_checkpoint, vaults_room_fours,
          nicolae_vaults_gold_heap, vaults_room_pool, vaults_dpeg_hooks,
          nicolae_vaults_storing_the_good_stuff, layout_vaults_omnigrid,
          uniq_zenata
Vaults:5
Crypt:1:  minmay_skeleton_keep, layout_gridlike, roderic_lattice_octagonal_star,
          grunt_crypt_arrival_guarded_gate
Crypt:2:  layout_regular_city, due_unseen_surprise
Crypt:3:  cryptofortress_bobbens
Tomb:1
Tomb:2
Depths:1: layout_long_grid, hangedman_coc_ice_floe, serial_shops,
          shop_fountains, chequers_decorated_corner, elyvilon_altar_4,
          serial_bayou_shore_b, kennysheep_random_hallway, uniq_nikola
Depths:2: nzn_winding_woodlands_medium [nzn_winding_woodlands_5x5_checkerboard,
          nzn_winding_woodlands_5x15_twine, nzn_winding_woodlands_5x5_cross,
          nzn_winding_woodlands_5x5_closed_star,
          nzn_winding_woodlands_center_lodge, nzn_winding_woodlands_hourglass,
          nzn_winding_woodlands_5x5_perimeter,
          nzn_winding_woodlands_5x15_sawtooth,
          nzn_winding_woodlands_5x5_default], layout_cave_shapes,
          bh_walls_and_bars, pan_entry, abyss_entry_small_statue_room,
          hell_entry
Depths:3: emtedronai_trogs_sanctum, layout_gridville, enter_ziggurat_d,
          abyss_entry, nicolae_benzene_ring, grunt_hell_entry_dis_old,
          hangedman_decor_clover_reticule, grunt_ministairs_5, uniq_xtahua
Depths:4: evilmike_zot_entry_basic, layout_gridlike, hellmouth_1
Hell

Skill      XL: |  1  2  3  4  5  6  7  8  9 10 11 12 13 14 15 16 17 18 19 20 21 22 23 24 25 26 27 |
---------------+----------------------------------------------------------------------------------+-----
Unarmed Combat | 4 6 8 10 12 14 15 17 18 19 21 23 24 25 26 | 26.9
Dodging        | 2 3 4 5 8 10 12 14 16 17 19 | 19.1
Shapeshifting  | 4 5 7 9 10 11 12 15 16 19 21 | 21.6
Fighting       | 2 3 4 6 7 9 11 12 13 15 18 20 | 20.0
Stealth        | 2 3 4 6 |  6.0
Evocations     | 1 |  1.0
Translocations | 4 5 |  5.7
Spellcasting   | 4 |  4.7

Action                     |  1- 3 |  4- 6 |  7- 9 | 10-12 | 13-15 | 16-18 | 19-21 | 22-24 | 25-27 || total
---------------------------+-------+-------+-------+-------+-------+-------+-------+-------+-------++-------
  Melee: Unarmed           |    79 |   102 |   254 |   559 |   808 |  1032 |   828 |  1131 |  1341 ||  6134
         Punch             |     1 |     3 |    15 |    41 |    88 |    94 |   121 |   203 |   257 ||   823
         Maw               |       |       |       |     2 |       |       |    29 |       |       ||    31
         Tailslap          |       |       |       |       |    91 |   140 |    90 |   178 |    15 ||   514
         Bite              |       |       |       |       |    48 |   117 |    51 |   129 |    15 ||   360
   Cast: Manifold Assault  |       |       |       |       |       |       |       |       |     2 ||     2
 Invoke: Call Merchant     |       |       |     1 |     1 |     2 |     4 |     2 |     1 |       ||    11
         Potion Petition   |       |       |       |       |       |       |       |     2 |       ||     2
Ability: Breathe Fire      |       |       |       |       |     9 |       |     3 |     1 |       ||    13
         Begin Untransform |       |       |       |       |     3 |     1 |     1 |       |     5 ||    10
  Evoke: Wand              |       |       |       |     3 |     3 |       |       |     3 |       ||     9
    Use: Scroll            |       |     9 |       |    11 |     6 |     2 |     1 |    10 |    12 ||    51
         Potion            |       |     4 |     1 |    10 |       |       |     1 |     7 |       ||    23
   Stab: Sleeping          |     1 |       |       |     5 |    14 |    17 |     3 |    11 |     4 ||    55
         Distracted        |       |       |     3 |     4 |     9 |    18 |    14 |    14 |     7 ||    69
         Invisible         |       |       |       |       |       |       |    20 |    18 |    18 ||    56
         Confused          |       |       |       |       |       |       |       |     2 |     8 ||    10
 Armour: Animal skin       |    31 |    17 |    36 |    88 |     2 |       |       |       |       ||   174
         Robe              |       |       |       |       |    29 |       |     1 |    15 |   148 ||   193
         Skin              |       |       |       |       |   157 |   197 |   134 |   176 |    57 ||   721
  Dodge: Dodged            |    42 |    40 |    94 |   347 |   638 |   755 |   852 |   843 |  1757 ||  5368
  Block: Other             |       |    24 |    48 |    39 |       |       |       |       |       ||   111
         Reflection        |       |       |     1 |     2 |       |       |       |       |       ||     3
   Form: Beast             |       |       |       |     1 |     2 |       |     1 |       |       ||     4
         Maw               |       |       |       |     1 |       |       |     1 |       |       ||     2
         Dragon            |       |       |       |       |     4 |     1 |     2 |       |     2 ||     9
                           |       |       |       |       |     1 |       |       |       |       ||     1
         Statue            |       |       |       |       |       |       |     1 |       |     1 ||     2
         Death             |       |       |       |       |       |       |       |     1 |     4 ||     5

Table legend: (Time is in decaauts)
 A = Elapsed time spent in this place.
 B = Non-inter-level travel time spent in this place.
 C = Inter-level travel time spent in this place.
 D = Time resting spent in this place.
 E = Time spent auto-exploring this place.
 F = Levels seen in this place.
 G = Mean time per level.
                   A        B        C        D        E       F      G
               +--------+--------+--------+--------+--------+-----+--------+
         Total |  61313 |  55346 |   5967 |   7942 |  31167 |  60 | 1021.9 |
       Dungeon |  16630 |  13412 |   3218 |    936 |   9188 |  15 | 1108.7 |
        Temple |     20 |     20 |      0 |      0 |      0 |   1 |   20.0 |
          Lair |   6164 |   5531 |    633 |    595 |   3099 |   5 | 1232.8 |
        Shoals |   4013 |   3843 |    170 |    788 |   1892 |   4 | 1003.2 |
     Snake Pit |   4714 |   4513 |    201 |     63 |   3250 |   4 | 1178.5 |
    Slime Pits |   2752 |   2677 |     75 |   1173 |    325 |   5 |  550.4 |
  Orcish Mines |   1452 |   1275 |    177 |      0 |    959 |   2 |  726.0 |
   Elven Halls |   3699 |   3529 |    170 |    350 |   2079 |   3 | 1233.0 |
        Vaults |   7719 |   7132 |    587 |    634 |   4767 |   5 | 1543.8 |
         Crypt |   3461 |   3239 |    222 |    656 |   1717 |   3 | 1153.7 |
          Tomb |   2830 |   2495 |    335 |    610 |    981 |   2 | 1415.0 |
        Depths |   4276 |   4105 |    171 |   1458 |   1974 |   4 | 1069.0 |
          Hell |    618 |    616 |      2 |     27 |    381 |   1 |  618.0 |
         Abyss |   1141 |   1141 |      0 |     52 |     75 |   3 |  380.3 |
      Ice Cave |    756 |    756 |      0 |    270 |    143 |   1 |  756.0 |
       Volcano |    378 |    378 |      0 |     37 |    124 |   1 |  378.0 |
      Gauntlet |    683 |    683 |      0 |    289 |    213 |   1 |  683.0 |
               +--------+--------+--------+--------+--------+-----+--------+

Top non-repeatable levels by time:
  Tomb:1: 2328 daAuts
Vaults:4: 2264 daAuts
 Slime:5: 2088 daAuts
Vaults:2: 1768 daAuts
 Crypt:3: 1754 daAuts
 Snake:4: 1677 daAuts
  Lair:5: 1583 daAuts
Depths:3: 1518 daAuts
Vaults:5: 1513 daAuts
    D:14: 1501 daAuts
   Elf:3: 1473 daAuts
     D:3: 1345 daAuts
    D:10: 1315 daAuts
  Lair:2: 1298 daAuts
    D:15: 1295 daAuts
